 Dungeon Sprint DCSS version 0.29.1-15-g9cfb28693d (webtiles) character file.

Game seed: 8861365822926932535

18379 Groucho the Naga Aeon (level 12, -17/128 HPs)
             Began as a Naga Fighter on Apr 29, 2023.
             Was the Champion of Cheibriados.
             Killed from afar by a frost giant (36 damage)
             ... with a bolt of cold
             ... in the Dungeon (Sprint V: "Ziggurat Sprint").
             The game lasted 00:09:00 (2561 turns).

Groucho the Naga Aeon (Naga Fighter)                Turns: 2561, Time: 00:09:00

Health: -17/128    AC: 29    Str: 38    XL:     12   Next: 57%
Magic:  8/22       EV:  9    Int: 27    God:    Cheibriados [******]
Gold:   0          SH: 35    Dex: 37    Spells: 24/24 levels left

rFire   . . .      SeeInvis +   k - +14 obsidian axe {vorpal, Mesm Drain Fly SInv}
rCold   . . .      Faith    .   m - +18 shield of the Gong {rElec rN+ Will+ EV-5}
rNeg    + . .      Spirit   .   l - +15 Maxwell's patent armour {-Cast -Tele rElec Will+ rCorr}
rPois   +          Reflect  .   (no helmet)
rElec   +          Harm     .   (no cloak)
rCorr   +          Rampage  .   (no gloves)
Will    +++..      NoTele   +   (no barding)
Stlth   .......... NoCast   +   G - amulet "Akhlimi" {Acrobat rPois Str+2 SInv}
HPRegen 0.31/turn               q - +6 ring of dexterity
MPRegen 0.18/turn               K - ring of Impatience {Fly rElec Str+3 Int+3 Slay+3}

@: flying, mesmerised, very slow
A: AC +4, large, see invisible, deformed body, poison resistance, slowness 2,
spit poison 1, naga tail 1
a: Spit Poison, Renounce Religion, Bend Time, Temporal Distortion, Slouch, Step
From Time


You were in the Dungeon.
You worshipped Cheibriados.
Cheibriados was exalted by your worship.
You visited 1 branch

Inventory:

Hand Weapons
 b - a +5 hand crossbow
 c - a +5 sling
 k - the +14 obsidian axe (weapon) {vorpal, Mesm Drain Fly SInv}
   (You found it in the Dungeon)

   It inflicts extra damage upon your enemies.
   It occasionally summons demons to assist the wielder when it strikes in
   combat.
   Its wielder is mesmerised by any visible foes.
   It cannot be unequipped while any foes are visible.
   SInv:      It lets you see invisible.
   Fly:       It grants you flight.
   Drain:     It drains your maximum health when unequipped.
 n - the +8 storm bow {elec, penet}
   (You found it in the Dungeon)

   Any ammunition fired from it occasionally discharges a powerful burst of
   electricity upon striking a foe.
   Any ammunition fired by it passes through the targets it hits, potentially
   hitting all targets in its path until it reaches maximum range.
Armour
 a - +5 gold dragon scales
 l - the +15 Maxwell's patent armour (worn) {-Cast -Tele rElec Will+ rCorr}
   (You found it in the Dungeon)

   rElec:     It insulates you from electricity.
   -Cast:     It prevents spellcasting.
   -Tele:     It prevents most forms of teleportation.
   rCorr:     It protects you from acid and corrosion.
   Will:      It increases your willpower.
 m - the +18 shield of the Gong (worn) {rElec rN+ Will+ EV-5}
   (You found it in the Dungeon)

   It is deafeningly noisy when blocking attacks.
   EV:        It affects your evasion (-5).
   rElec:     It insulates you from electricity.
   rN:        It protects you from negative energy.
   Will:      It increases your willpower.
Jewellery
 o - a ring of flight
 p - a +6 ring of dexterity
 q - a +6 ring of dexterity (left hand)
 r - a +6 ring of intelligence
 s - a +6 ring of intelligence
 t - a +6 ring of strength
 u - a +6 ring of strength
 G - the amulet "Akhlimi" (around neck) {Acrobat rPois Str+2 SInv}
   (You found it in the Dungeon)

   [amulet of the acrobat]

   It increases your evasion while moving and waiting.
   Str:       It affects your strength (+2).
   rPois:     It protects you from poison.
   SInv:      It lets you see invisible.
 H - a ring of willpower
 I - the ring "Wutyts" {+Blink rPois rF- Will+ Int-3}
   (You found it in the Dungeon)

   [ring of willpower]

   Int:       It affects your intelligence (-3).
   rF:        It makes you vulnerable to fire.
   rPois:     It protects you from poison.
   +Blink:    It lets you blink.
   Will:      It increases your willpower.
 J - an amulet of faith
 K - the ring of Impatience (right hand) {Fly rElec Str+3 Int+3 Slay+3}
   (You found it in the Dungeon)

   [ring of flight]

   Str:       It affects your strength (+3).
   Int:       It affects your intelligence (+3).
   Slay:      It affects your accuracy & damage with ranged weapons and melee
   (+3).
   rElec:     It insulates you from electricity.
   Fly:       It grants you flight.
 L - a ring of fire
 M - a ring of positive energy
 N - the amulet "Regh" {Acrobat Dex+4}
   (You found it in the Dungeon)

   [amulet of the acrobat]

   It increases your evasion while moving and waiting.
   Dex:       It affects your dexterity (+4).
Wands
 v - a wand of mindburst (7)
 w - a wand of iceblast (7)
 x - a wand of acid (5)
Scrolls
 j - 4 scrolls of blinking
 y - 4 scrolls of amnesia
 D - 7 scrolls of butterflies
 E - 5 scrolls of identify
 F - 2 scrolls of fear
Potions
 d - 6 potions of might
 e - 9 potions of curing
 f - 6 potions of heal wounds
 g - 6 potions of haste
 h - 7 potions of magic
 i - 3 potions of berserk rage
 z - 2 potions of brilliance
 A - 2 potions of invisibility
 B - 4 potions of resistance
 C - a potion of experience


   Skills:
 + Level 14.0 Fighting
 + Level 13.9 Axes
 + Level 11.9 Armour
 + Level 8.1 Dodging
 + Level 12.9 Shields
 + Level 6.8 Spellcasting
 - Level 14.0 Invocations


You had 24 spell levels left.
You didn't know any spells.
Your spell library contained the following spells:

 Spells                   Type           Power      Damage    Failure   Level
 Foxfire                  Conj/Fire      36%        2x1d5     41%         1
 Sandblast                Erth           18%        2d7       41%         1
 Sting                    Tmut/Pois      36%        1d4       41%         1
 Passwall                 Tmut/Erth      7%         N/A       56%         2
 Scorch                   Fire           18%        2d6       56%         2
 Sublimation of Blood     Necr           9%         N/A       56%         2
 Wereblood                Tmut           9%         N/A       56%         2
 Conjure Flame            Conj/Fire      9%         6-21      80%         3
 Ignite Poison            Fire/Tmut/Pois 9%         N/A       80%         3
 Inner Flame              Hex/Fire       9%         N/A       80%         3
 Mephitic Cloud           Conj/Pois/Air  9%         N/A       80%         3
 Ozocubu's Armour         Ice            9%         N/A       80%         3
 Portal Projectile        Hex/Tloc       18%        N/A       80%         3
 Spider Form              Tmut/Pois      9%         N/A       80%         3
 Stone Arrow              Conj/Erth      18%        3d8       80%         3
 Teleport Other           Tloc           9%         N/A       80%         3
 Tukima's Dance           Hex            9%         N/A       80%         3
 Vampiric Draining        Necr           9%         2d6       80%         3
 Flame Wave               Conj/Fire      9%         2d6       99%         4
 Petrify                  Tmut/Erth      9%         N/A       99%         4
 Summon Ice Beast         Ice/Summ       9%         N/A       99%         4
 Alistair's Intoxication  Tmut/Pois      6%         N/A       100%        5
 Blade Hands              Tmut           4%         N/A       100%        5
 Borgnjor's Vile Clutch   Necr/Erth      4%         N/A       100%        5
 Iskenderun's Battlesphe  Conj           9%         2d6       100%        5
 Lee's Rapid Deconstruct  Erth           4%         3d6*      100%        5
 Metabolic Englaciation   Hex/Ice        4%         N/A       100%        5
 Summon Forest            Summ/Tloc      4%         N/A       100%        5
 Summon Mana Viper        Hex/Summ       9%         N/A       100%        5
 Conjure Ball Lightning   Conj/Air       4%         3x3d6     100%        6
 Iron Shot                Conj/Erth      4%         9d2       100%        6
 Statue Form              Tmut/Erth      6%         N/A       100%        6
 Summon Cactus Giant      Summ           4%         N/A       100%        6
 Monstrous Menagerie      Summ           4%         N/A       100%        7
 Ozocubu's Refrigeration  Ice            4%         4d8       100%        7
 Spellforged Servitor     Conj/Summ      4%         N/A       100%        7
 Summon Hydra             Summ           4%         N/A       100%        7
 Discord                  Hex            4%         N/A       100%        8
 Disjunction              Tloc           4%         N/A       100%        8
 Fire Storm               Conj/Fire      4%         8d1       100%        9


Dungeon Overview and Level Annotations

Branches:
Dungeon (1/1)

Altars:
Ashenzari
Cheibriados
Dithmenos
Elyvilon
Fedhas
Gozag
Hepliaklqana
Kikubaaqudgha
Makhleb
Nemelex Xobeh
Okawaru
Qazlal
Ru
Sif Muna
Trog
Uskayaw
Vehumet
Wu Jian
Xom
Yredelemnul
Zin
The Shining One
Jiyva
Lugonu


Innate Abilities, Weirdness & Mutations

Your serpentine skin is tough. (AC +4)
You have supernaturally acute eyesight. (SInv)
Armour fits poorly on your strangely shaped body.
Your system is resistant to poisons. (rPois)
You cover ground very slowly.
You can spit poison.
You have a snake-like lower body.


Message History

Activating: Slouch (0% risk of failure)
Press: ? - help, Dir - look around, f - activate You can feel time thicken for a moment.
You are no longer entranced.
You kill the ice dragon!
Cheibriados appreciates the change of pace.
The ice dragon scales are intact enough to wear.
You destroy the freezing wraith!
Cheibriados thoroughly appreciates the change of pace.
You kill the polar bear!
Cheibriados thoroughly appreciates the change of pace.
Visions of slaying the frost giant flood into your mind.
You block the frost giant's attack.
GONNNNG!
The ice dragon breathes frost at you. The blast of cold misses you.
The frost giant gestures at you while chanting.
The bolt of cold hits the frost giant!
The frost giant resists.
The bolt of cold hits you!!!
* * * LOW HITPOINT WARNING * * *
Your Fighting skill increases to level 14!
Your Dodging skill increases to level 8!
Unknown command.
Unknown command.
You feel much better.
Visions of slaying the frost giant flood into your mind.
The frost giant gestures at you while chanting.
The bolt of cold misses you.
The frost giant points at you and mumbles some strange words.
The bolt of cold hits you!!
* * * LOW HITPOINT WARNING * * *
The ice dragon bites you but does no damage.
You block the ice dragon's attack.
GONNNNG!
You block the ice dragon's attack.
GONNNNG!
The frost giant casts a spell at you.
The bolt of cold hits the frost giant!
The frost giant resists.
The bolt of cold hits you!!!
You die...

▓▓▓▓▓▓▓▓▓▓▓
▓...)}):"...▓...8©8...▓
▓...........▓..}|:.}..▓
▓...........▓..†|[....▓
......C....▓.........▓
......†.. ▓....†....▓
▓.....▓ ▓.........▓
▓▓CCD▓▓ ▓.........▓
▓..▓..@..▓..▓.▓.....▓.▓
▓.....©.....▓....©....▓
▓▓▓▓▓▓▓▓▓▓▓▓▓▓▓▓▓▓▓▓▓▓▓
▓...8©8...▓...8©8...▓..
▓..})}}...▓...|.[...▓..
▓..}|.|...▓..)[).)..▓..
▓...).....▓.)))(.)..▓..
▓..).))...▓....().(.▓..
▓...)..(..▓.........▓..


You could see 3 frost giants and an ice dragon.

Vanquished Creatures
  A deep elf master archer (D)
  An orc warlord (D)
  3 stone giants (D)
  A merfolk javelineer (D)
  An ice dragon (D)
  A yaktaur captain (D)
  A centaur warrior (D)
  2 orc high priests (D)
  A deep elf archer (D)
  5 deep elf zephyrmancers (D)
  2 orc knights (D)
  3 deep elf pyromancers (D)
  A shining eye (D)
  3 cyclopes (D)
  An eye of devastation (D)
  A freezing wraith (D)
  An ice devil (D)
  A polar bear (D)
  A ynoxinul (D)
  2 yaks (D)
  2 water elementals (D)
  A chaos spawn (D)
  A small abomination (D)
  A naga (D)
  2 water moccasins (D)
  4 orc warriors (D)
  2 wolves (D)
  2 centaurs (D)
  3 scorpions (D)
  2 bullfrogs (D)
  An earth elemental (D)
  4 crimson imps (D)
  2 quasits (D)
  2 jellies (D)
  4 iron imps (D)
  An adder (D)
  4 ufetubi (D)
  An adder simulacrum (D)
  3 ball pythons (D)
  An endoplasm (D)
  A jackal (D)
  A ball python simulacrum (D)
  A quokka simulacrum (D)
79 creatures vanquished.

Vanquished Creatures (collateral kills)
  A golden eye (D)
  An iron imp (D)
2 creatures vanquished.

Vanquished Creatures (others)
  A blizzard demon (D)
  An ufetubus (D)
2 creatures vanquished.

Grand Total: 83 creatures vanquished

Notes
Turn   | Place    | Note
-------+----------+-------------------------------------------
     0 | D        | Groucho the Naga Fighter began the quest for the Orb.
     0 | D        | Reached XP level 1. HP: 21/21 MP: 1/1
    17 | D        | Found a blossoming altar of Fedhas.
    17 | D        | Found the +6 Majin-Bo {vamp, MP+6 Int+6}
    17 | D        | Found the +9 heavy crossbow "Sniper" {vorpal, Acc+∞ SInv}
    17 | D        | Found the +10 dark maul {vorpal}
    17 | D        | Found the +15 Maxwell's patent armour {-Cast -Tele rElec
                  | Will+ rCorr}
    17 | D        | Found the +18 shield of the Gong {rElec rN+ Will+ EV-5}
    17 | D        | Found the +14 obsidian axe {vorpal, Mesm Drain Fly SInv}
    18 | D        | Found a hazy altar of Hepliaklqana.
    18 | D        | Found a viscous altar of Jiyva.
    18 | D        | Found an opulent altar of Gozag.
    18 | D        | Found a transporter.
    18 | D        | Found an ancient bone altar of Kikubaaqudgha.
    23 | D        | Found a corrupted altar of Lugonu.
    23 | D        | Found the +7 great mace "Firestarter" {inner flame, rF++}
    23 | D        | Found the +6 shillelagh "Devastator" {shatter}
    23 | D        | Found the +11 plutonium sword {Contam Stlth-}
    23 | D        | Found the +8 lance "Wyrmbane" {slay drac, rPois rF+ rC+
                  | AC+3}
    23 | D        | Found the +9 sword of Zonguldrok {reap}
    23 | D        | Found the +13 scythe of Curses {drain, Drain}
    23 | D        | Found the +5 sword of Power {vorpal}
    23 | D        | Found the +7 mace of Variability {chain chaos}
    23 | D        | Found the +7 Singing Sword {vorpal, sonic wave}
    23 | D        | Found the +8 storm bow {elec, penet}
    25 | D        | Found a burning altar of Makhleb.
    26 | D        | Found a sacrificial altar of Ru.
    26 | D        | Found a stormy altar of Qazlal.
    26 | D        | Found a shimmering blue altar of Sif Muna.
    26 | D        | Found an iron altar of Okawaru.
    26 | D        | Found a bloodstained altar of Trog.
    26 | D        | Found a sparkling altar of Nemelex Xobeh.
    75 | D        | Became a worshipper of Cheibriados the Contemplative
   103 | D        | Entered arena 2.
   103 | D        | Noticed a crimson imp
   103 | D        | Noticed an iron imp
   103 | D        | Found a transporter.
   107 | D        | Killed an iron imp
   108 | D        | Reached XP level 2. HP: 30/30 MP: 1/3
   108 | D        | Reached XP level 3. HP: 36/36 MP: 1/4
   108 | D        | Reached * piety under Cheibriados
   109 | D        | Reached XP level 4. HP: 45/45 MP: 1/6
   433 | D        | Entered arena 3.
   433 | D        | Noticed a scorpion
   433 | D        | Noticed a scorpion
   433 | D        | Noticed a scorpion
   433 | D        | Found a transporter.
   437 | D        | Killed a scorpion
   437 | D        | Killed a scorpion
   437 | D        | Reached ** piety under Cheibriados
   438 | D        | Reached skill level 5 in Fighting
   438 | D        | Reached skill level 5 in Axes
   438 | D        | Reached skill level 5 in Shields
   438 | D        | Reached skill level 5 in Invocations
   438 | D        | Reached XP level 5. HP: 52/55 MP: 6/8
   439 | D        | Reached skill level 5 in Armour
   439 | D        | Reached XP level 6. HP: 58/62 MP: 6/10
   457 | D        | Entered arena 4.
   457 | D        | Noticed a golden eye
   457 | D        | Found a transporter.
   459 | D        | Reached *** piety under Cheibriados
   463 | D        | Killed a golden eye
   463 | D        | Reached **** piety under Cheibriados
   464 | D        | Reached XP level 7. HP: 72/72 MP: 10/12
   573 | D        | Entered arena 5.
   573 | D        | Noticed a chaos spawn
   573 | D        | Found a transporter.
   576 | D        | Killed a chaos spawn
   579 | D        | Reached ***** piety under Cheibriados
   839 | D        | Entered arena 6.
   839 | D        | Noticed a deep elf pyromancer
   839 | D        | Noticed a deep elf zephyrmancer
   839 | D        | Noticed a deep elf zephyrmancer
   839 | D        | Noticed a deep elf zephyrmancer
   839 | D        | Noticed a deep elf zephyrmancer
   839 | D        | Found a transporter.
   841 | D        | Killed a deep elf zephyrmancer
   841 | D        | Killed a deep elf zephyrmancer
   841 | D        | Killed a deep elf zephyrmancer
   841 | D        | Killed a deep elf pyromancer
   842 | D        | Reached skill level 10 in Fighting
   842 | D        | Reached skill level 10 in Invocations
   842 | D        | Reached XP level 8. HP: 77/86 MP: 2/15
   842 | D        | Reached XP level 9. HP: 83/93 MP: 2/16
   844 | D        | Killed a deep elf zephyrmancer
   845 | D        | Reached skill level 10 in Axes
  1164 | D        | Got the Grimoire of the Traveller and the Snake
  1174 | D        | Entered arena 7.
  1176 | D        | Found a transporter.
  1194 | D        | Entered arena 8.
  1194 | D        | Noticed an eye of devastation
  1195 | D        | Found a transporter.
  1196 | D        | Reached ****** piety under Cheibriados
  1199 | D        | Killed an eye of devastation
  1200 | D        | Reached skill level 1 in Dodging
  1200 | D        | Reached XP level 10. HP: 54/103 MP: 8/18
  1390 | D        | Entered arena 9.
  1390 | D        | Noticed a deep elf archer
  1390 | D        | Noticed a deep elf pyromancer
  1390 | D        | Noticed a deep elf pyromancer
  1390 | D        | Noticed a deep elf zephyrmancer
  1391 | D        | Found a transporter.
  1393 | D        | Killed a deep elf archer
  1393 | D        | Killed a deep elf pyromancer
  1393 | D        | Killed a deep elf zephyrmancer
  1393 | D        | Killed a deep elf pyromancer
  1394 | D        | Reached skill level 10 in Shields
  1404 | D        | Got the amulet "Akhlimi" {Acrobat rPois Str+2 SInv}
  1567 | D        | Entered arena 10.
  1570 | D        | Reached skill level 10 in Armour
  1570 | D        | Found a transporter.
  1577 | D        | Got the Folio of Crystalline Stolen Souls
  1579 | D        | Got the Tome of Blasts and the Inferno
  1707 | D        | Entered arena 11.
  1707 | D        | Noticed a shining eye
  1710 | D        | Reached XP level 11. HP: 114/114 MP: 9/20
  1711 | D        | Killed a shining eye
  1906 | D        | Found a transporter.
  1912 | D        | Got the ring "Wutyts" {+Blink rPois rF- Will+ Int-3}
  1919 | D        | Got the ring of Impatience {Fly rElec Str+3 Int+3 Slay+3}
  1932 | D        | Entered arena 12.
  1932 | D        | Noticed a stone giant
  1932 | D        | Noticed a cyclops
  1932 | D        | Noticed a cyclops
  1932 | D        | Noticed a yaktaur captain
  1932 | D        | Noticed a deep elf master archer
  1933 | D        | Noticed a centaur warrior
  1933 | D        | Noticed a merfolk javelineer
  1933 | D        | Noticed a stone giant
  1935 | D        | Killed a centaur warrior
  1936 | D        | Reached skill level 5 in Dodging
  1936 | D        | Reached skill level 1 in Spellcasting
  1936 | D        | Killed a stone giant
  1936 | D        | Killed a yaktaur captain
  1936 | D        | Killed a cyclops
  1936 | D        | Killed a deep elf master archer
  1937 | D        | Killed a stone giant
  1937 | D        | Killed a cyclops
  1937 | D        | Killed a merfolk javelineer
  2343 | D        | Found a transporter.
  2369 | D        | Got the amulet "Regh" {Acrobat Dex+4}
  2373 | D        | Entered arena 13.
  2373 | D        | Noticed an orc warlord
  2373 | D        | Noticed an orc knight
  2373 | D        | Noticed an orc high priest
  2373 | D        | Noticed a stone giant
  2373 | D        | Noticed an orc knight
  2373 | D        | Noticed an orc high priest
  2373 | D        | Noticed a cyclops
  2376 | D        | Killed an orc high priest
  2377 | D        | Reached XP level 12. HP: 126/126 MP: 11/22
  2377 | D        | Killed an orc high priest
  2378 | D        | Reached skill level 5 in Spellcasting
  2378 | D        | Killed a stone giant
  2378 | D        | Killed an orc warlord
  2379 | D        | Found a transporter.
  2388 | D        | Got the Tractate on the Petrous Arsonist
  2553 | D        | Entered arena 14.
  2554 | D        | Noticed a frost giant
  2554 | D        | Noticed a blizzard demon
  2554 | D        | Noticed an ice dragon
  2554 | D        | Noticed a frost giant
  2554 | D        | Noticed an ice dragon
  2554 | D        | Noticed a frost giant
  2556 | D        | Killed a blizzard demon
  2560 | D        | Killed an ice dragon
  2561 | D        | Killed from afar by a frost giant

Illustrated notes

Levels and vault maps discovered:
D:        sprint_v [room_start, room_1, room_2, room_3, room_4, room_5, room_6,
          room_7, room_8, room_9, room_10, room_11, room_12, room_13, room_14,
          room_15, room_16, room_17, room_18, room_19, room_20, room_21,
          room_22, room_23, room_24, room_25, room_26, room_27]

Skill      XL: |  1  2  3  4  5  6  7  8  9 10 11 12 |
---------------+-------------------------------------+-----
Fighting       | 4 5 6 7 10 11 13 14 | 14.0
Axes           | 3 5 6 9 10 11 13 | 13.9
Armour         | 3 4 5 8 9 10 11 | 11.9
Shields        | 3 4 5 6 9 10 12 | 12.9
Invocations    | 2 3 5 6 10 11 12 14 | 14.0
Dodging        | 1 4 6 8 |  8.1
Spellcasting   | 4 6 |  6.8

Action                   |  1- 3 |  4- 6 |  7- 9 | 10-12 || total
-------------------------+-------+-------+-------+-------++-------
Melee: Broad axe         |     4 |     6 |     9 |     2 ||    21
Invok: Slouch            |       |       |     5 |    17 ||    22
Evoke: Wand              |       |       |       |     2 ||     2
  Use: Potion            |       |     1 |       |     4 ||     5
Armor: Plate armour      |     2 |     2 |    11 |     5 ||    20
Dodge: Dodged            |       |       |       |     5 ||     5
Block: Kite shield       |     5 |     7 |    18 |    17 ||    47
